 Dungeon Crawl Stone Soup version 0.24.0-2-g5b39cebb1c (webtiles) character file.

Game seed: 13691406721851456182, levelgen mode: deterministic

776 Inarius the Chopper (level 7, -8/53 HPs)
             Began as a Demonspawn Gladiator on Oct 30, 2019.
             Was an Initiate of Nemelex Xobeh.
             Mangled by an orc warrior
             ... wielding a +0 scimitar
              (10 damage)
             ... on level 5 of the Dungeon.
             The game lasted 00:09:44 (5264 turns).

Inarius the Chopper (Demonspawn Gladiator)          Turns: 5264, Time: 00:09:44

Health: -8/53      AC: 10    Str: 17    XL:     7   Next: 54%
Magic:  8/8        EV:  8    Int:  9    God:    Nemelex Xobeh [......]
Gold:   315        SH:  4    Dex: 14    Spells: 6/6 levels left

rFire    . . .     SeeInvis .   a - +0 war axe
rCold    . . .     Gourm    .   (no shield)
rNeg     . . .     Faith    .   m - +0 chain mail
rPois    .         Spirit   .   (helmet restricted)
rElec    .         Reflect  +   (no cloak)
rCorr    .         Harm     .   (no gloves)
MR       .....                  c - +0 pair of boots
Stlth    ..........             v - +4 amulet of reflection
HPRegen  0.17/turn              (no ring)
MPRegen  0.11/turn              (no ring)

@: lethally poisoned (-8 -> -9)
A: claws 2, horns 2, nightstalker 1
a: Draw Escape, Draw Destruction, Draw Summoning, Renounce Religion


You were on level 5 of the Dungeon.
You worshipped Nemelex Xobeh.
Nemelex Xobeh was noncommittal.
You were not hungry.

You visited 1 branch of the dungeon, and saw 5 of its levels.
You also visited: Sewer.

You collected 315 gold pieces.

Inventory:

Hand Weapons
 a - a +0 war axe (weapon)
Missiles
 d - 2 throwing nets (quivered)
Armour
 c - a +0 pair of boots (worn)
 m - a +0 chain mail (worn)
Jewellery
 o - an uncursed amulet of faith
 v - a +4 amulet of reflection (around neck)
Scrolls
 b - a scroll of fog
 g - a scroll of fear {unknown}
 h - 2 scrolls of identify
 i - 4 scrolls of remove curse
 j - a scroll of enchant weapon {unknown}
 l - 4 scrolls of teleportation
 n - a scroll of noise {unknown}
 s - a scroll of amnesia {unknown}
Potions
 e - a potion of invisibility {unknown}
 k - a potion of flight {unknown}
 p - 2 potions of brilliance
 q - a potion of lignification {unknown}
 r - 5 potions of mutation {unknown}
 t - a potion of curing {unknown}
 u - 2 potions of haste {unknown}
 w - 2 potions of agility {unknown}
Comestibles
 f - 12 rations
 x - 3 chunks of flesh


   Skills:
 + Level 3.8 Fighting
 - Level 5.1 Axes
 - Level 1.7 Throwing
 + Level 3.6 Armour
 + Level 3.4 Dodging
 + Level 0.5 Stealth
 * Level 1.9 Unarmed Combat
 * Level 2.4 Invocations


You had 6 spell levels left.
You didn't know any spells.
Your spell library contained the following spells:

 Spells                   Type           Power        Failure   Level  Hunger
 Animate Skeleton         Necr           N/A          99%         1    ##.....
 Apportation              Tloc           #.....       99%         1    ##.....
 Confusing Touch          Hex            #.....       99%         1    ##.....
 Summon Small Mammal      Summ           #...         99%         1    ##.....


Dungeon Overview and Level Annotations

Branches:
Dungeon (5/15)             Temple (0/1) D:4           Sewer (visited)

Altars:
Ashenzari
Nemelex Xobeh
Uskayaw

Shops:
D:5 [


Innate Abilities, Weirdness & Mutations

You have very sharp fingernails.
You have a pair of horns on your head.
You are slightly more attuned to the shadows.


Message History

You are too injured to fight recklessly!
You hit the adder.
The adder is severely wounded.
You closely miss the orc warrior.
You feel sick.
The adder bites you but does no damage. x2; The orc warrior barely misses you.
Unknown command.
You hit the adder.
You kill the adder!
You hit the orc warrior but do no damage.
The orc warrior hits you with a +0 scimitar!!
* * * LOW HITPOINT WARNING * * *
Unknown command.
Okay, then.
Okay, then.
Okay, then.
* * * LOW HITPOINT WARNING * * *
You feel sick.
The orc warrior hits you with a +0 scimitar!
You die...
Your body disappears without a glow.

##...........#.
##>..8..........
#.......#.......
##.#.88.##.....#.
######..##..###.......
#...................#.
#####)#####..........÷
#.o......##.......
#@............#.÷.
#..........##...))
#..........###..).
#.....(....####...
#.................
#####...............88
#...........(.........
#......∩...##.#####...
#.............##......


You could see an orc warrior.

Vanquished Creatures
  An ogre (D:4)
  A centaur (D:5)
  A water moccasin skeleton (D:5)
  A scorpion (D:5)
  A centaur zombie (D:5)
  An orc priest (D:3)
  2 orc wizards
  An iguana (D:5)
  A worker ant (D:4)
  2 hound zombies (D:5)
  A howler monkey skeleton (D:4)
  5 gnolls
  12 adders
  A river rat (D:3)
  2 oozes
  2 adder zombies (D:5)
  2 adder skeletons
  3 worms
  A leopard gecko (D:1)
  13 orcs
  3 ball pythons (Sewer)
  7 giant cockroaches
  4 goblins
  5 hobgoblins
  13 jackals
  A quokka (D:3)
  5 bats
  7 frilled lizards
  A giant cockroach zombie (D:5)
  12 kobolds
  4 leopard gecko zombies (D:5)
  5 rats
  A plant (Sewer)
122 creatures vanquished.

Notes
Turn   | Place    | Note
-------+----------+-------------------------------------------
     0 | D:1      | Inarius the Demonspawn Gladiator began the quest for the
                  | Orb.
     0 | D:1      | Reached XP level 1. HP: 16/16 MP: 1/1
   662 | D:1      | Reached skill level 3 in Axes
   662 | D:1      | Gained mutation: You have a pair of small horns on your
                  | head. [demonic ancestry]
   662 | D:1      | Reached XP level 2. HP: 17/22 MP: 2/2
  1371 | D:2      | Gained mutation: You have a pair of horns on your head.
                  | [demonic ancestry]
  1371 | D:2      | Reached XP level 3. HP: 27/27 MP: 3/3
  2039 | D:3      | Reached skill level 4 in Axes
  2039 | D:3      | Reached skill level 1 in Armour
  2039 | D:3      | Gained mutation: You are slightly more attuned to the
                  | shadows. [demonic ancestry]
  2039 | D:3      | Reached XP level 4. HP: 25/33 MP: 4/4
  2136 | D:3      | Found a hide-covered altar of Uskayaw.
  2209 | D:3      | Reached XP level 5. HP: 15/39 MP: 5/5
  2303 | D:3      | Found a glowing drain.
  2333 | Sewer    | Entered a sewer
  3730 | D:3      | Found a shattered altar of Ashenzari.
  4037 | D:4      | Found a sparkling altar of Nemelex Xobeh.
  4057 | D:4      | Became a worshipper of Nemelex Xobeh the Trickster
  4068 | D:4      | Received a gift from Nemelex Xobeh
  4075 | D:4      | Noticed an ogre
  4077 | D:4      | Killed an ogre
  4077 | D:4      | Reached skill level 5 in Axes
  4077 | D:4      | Gained mutation: You have sharp fingernails. [demonic
                  | ancestry]
  4077 | D:4      | Reached XP level 6. HP: 46/46 MP: 6/6
  4092 | D:4      | Reached skill level 1 in Invocations
  4169 | D:4      | Found a staircase to the Ecumenical Temple.
  4416 | D:4      | Reached skill level 1 in Unarmed Combat
  4722 | D:5      | Entered Level 5 of the Dungeon
  4776 | D:5      | Gained mutation: You have very sharp fingernails. [demonic
                  | ancestry]
  4776 | D:5      | Reached XP level 7. HP: 34/52 MP: 8/8
  5190 | D:5      | Found Kesofuer's Antique Armour Shoppe.
  5264 | D:5      | HP: 2/53 [poisoned by an adder]
  5264 | D:5      | Mangled by an orc warrior

Levels and vault maps discovered:
D:1:      shiori_arrival_oz, layout_loops_ring
D:2:      layout_basic
D:3:      layout_loops_corners, lemuel_round_altar, overflow_temple_1_default,
          cheibrodos_sewer_entry_sluice
D:4:      layout_loops_ring, minmay_temple_entry_sparse_star,
          nemelex_dance_club_becter
D:5:      layout_rooms, nicolae_overflow_hidden_temple, serial_shops, shop,
          first_ration, serial_undead, serial_undead_c, serial_undead_c,
          serial_undead_c, serial_undead_d, serial_undead_f, serial_undead_d,
          minmay_misc_feat_square

Skill      XL: |  1  2  3  4  5  6  7 |
---------------+----------------------+-----
Axes           | 3 4 5 |  5.1
Dodging        | 3 |  3.4
Armour         | 1 2 3 |  3.6
Invocations    | 1 2 |  2.4
Unarmed Combat | 1 |  1.9
Fighting       | 3 |  3.8
Throwing       | |  1.7
Stealth        | |  0.5

Action                   |  1- 3 |  4- 6 |  7- 9 || total
-------------------------+-------+-------+-------++-------
Melee: War axe           |   120 |   213 |    48 ||   381
       Headbutt          |    15 |    40 |     8 ||    63
Throw: Throwing net      |     2 |       |       ||     2
 Abil: Draw Destruction  |       |     2 |       ||     2
  Use: Scroll            |       |     7 |     1 ||     8
  Eat: Chunk             |     4 |     9 |     2 ||    15
Armor: Scale mail        |    26 |       |       ||    26
       Leather armour    |    10 |       |       ||    10
       Chain mail        |    44 |   121 |    33 ||   198
Dodge: Dodged            |    60 |   110 |    19 ||   189
Block: Other             |       |     8 |     7 ||    15
